 Dungeon Crawl Stone Soup version 0.31-a0-232-gb1c03b2570 (webtiles) character file.

Game seed: 16789561276810033501

115 qw the Shooter (level 4, -3/36 HPs)
             Began as a Minotaur Hexslinger on July 6, 2023.
             Succumbed to a scorpion's poison
             ... on level 4 of the Dungeon.
             The game lasted 00:00:52 (2080 turns).

qw the Shooter (Minotaur Hexslinger)                Turns: 2080, Time: 00:00:53

Health: -3/36      AC:  9    Str: 12    XL:     4   Next: 68%
Magic:  4/4        EV: 11    Int: 10    God:
Gold:   164        SH:  5    Dex: 15    Spells: 4/5 levels left

rFire   . . .        Y - +0 shortbow
rCold   . . .        (shield currently unavailable)
rNeg    . . .        d - +0 ring mail
rPois   .            (helmet restricted)
rElec   .            j - +1 cloak of Midnight {Rampage Drain SInv}
rCorr   .            k - +1 pair of gloves
SInv    +            (no boots)
Will    .....        g - amulet of reflection
Stlth   +            (no ring)
HPRegen 0.26/turn    (no ring)
MPRegen 0.09/turn

%: reflection, rampage
@: lethally poisoned (-3 -> -24), about to teleport
A: horns 2, retaliatory headbutt
a: no special abilities


You were on level 4 of the Dungeon.
You visited 1 branch of the dungeon, and saw 4 of its levels.

You collected 164 gold pieces.


Innate Abilities, Weirdness & Mutations

You have a pair of horns on your head.
You reflexively headbutt those who attack you in melee.


   Skills:
 + Level 2.2 Fighting
 - Level 5.0 Ranged Weapons
 - Level 1.0 Armour
 - Level 2.1 Dodging
 - Level 1.0 Spellcasting
 - Level 2.0 Hexes


You had 4 spell levels left.
You knew the following spells:

 Your Spells              Type           Power      Damage    Failure   Level
a - Slow                  Hex            16%        N/A       34%         1

Your spell library contained the following spells:

 Spells                   Type           Power      Damage    Failure   Level
 Inner Flame              Hex/Fire       2%         N/A       83%         3
 Portal Projectile        Hex/Tloc       4%         N/A       83%         3
 Cause Fear               Hex            2%         N/A       98%         4

Inventory:

Hand Weapons
 Y - a +0 shortbow (weapon)
Armour
 d - a +0 ring mail (worn)
 j - the +1 cloak of Midnight (worn) {Rampage Drain SInv}
   (You acquired it on level 2 of the Dungeon)

   SInv:      It lets you see invisible.
   Drain:     It drains your maximum health when unequipped.
   Rampage:   It bestows one free step when moving towards enemies.
 k - a +1 pair of gloves (worn)
Jewellery
 g - an amulet of reflection (around neck)
Scrolls
 c - a scroll of teleportation
Potions
 a - a potion of invisibility {unknown}
 b - a potion of heal wounds {unknown}
 e - a potion of might
 f - 2 potions of curing
 h - a potion of berserk rage {unknown}
 i - a potion of lignification {unknown}
 l - a potion of attraction {unknown}
 m - a potion of resistance
 o - a potion of mutation {unknown}
 p - a potion of enlightenment {unknown}

Dungeon Overview and Level Annotations

Branches:
Dungeon (4/15)
 Temple: D:4-7

Altars:

Shops:
D:2 =


Message History

A scorpion comes into view.
Enter note:
Enter note: You shoot an arrow.
The arrow barely misses the scorpion.
You shoot an arrow. The arrow closely misses the scorpion.
You shoot an arrow. The arrow barely misses the scorpion.
The scorpion misses you.
You shoot an arrow. The arrow closely misses the scorpion.
The scorpion closely misses you. The scorpion barely misses you.
You shoot an arrow. The arrow hits the scorpion.
The scorpion is moderately wounded.
The scorpion stings you. x2
You are poisoned.
The scorpion poisons you!
You shoot an arrow. The arrow hits the scorpion!
The scorpion is almost dead.
You feel very sick.
The scorpion stings you but does no damage.
You shoot an arrow.
The arrow hits the scorpion but does no damage.
The scorpion is almost dead.
You feel sick. The scorpion barely misses you. The scorpion stings you.
You are lethally poisoned!
The scorpion poisons you!
You shoot an arrow.
The arrow hits the scorpion but does no damage.
The scorpion is almost dead.
You feel very sick. The scorpion misses you. You furiously retaliate!
You headbutt the scorpion. You shoot an arrow.
The arrow hits the scorpion but does no damage.
The scorpion is almost dead.
You feel very sick. The scorpion stings you.
You are more poisoned.
The scorpion poisons you! The scorpion stings you.
2080 ||| READING 2 scrolls of teleportation.
As you read the scroll of teleportation, it crumbles to dust.
You feel strangely unstable.
You die...

#.. #.. #.. # #..# #.
#..# #.. #..#
#.##.s#########
#.....@.......#
.......#######.#
##.#####.#### #.#
............#####.#
........###.##.......#
........+......#######
........###.##.#
........+....#.#
........###..#.#


You could see a scorpion.

Vanquished Creatures
  An orc wizard (D:3)
  An adder (D:2)
  2 dart slugs
  4 orcs (D:3)
  4 ball pythons
  4 bats
  5 endoplasms
  4 giant cockroaches
  9 goblins
  4 hobgoblins
  13 jackals
  3 quokkas
  2 frilled lizards (D:1)
  2 kobolds
  7 rats
65 creatures vanquished.

Notes
Turn   | Place    | Note
-------+----------+-------------------------------------------
     0 | D:1      | qw the Minotaur Hexslinger began the quest for the Orb.
     0 | D:1      | Reached XP level 1. HP: 16/16 MP: 1/1
     0 | D:1      | 0 ||| qw: Version: 0.3-a-46-gb1f654a
     0 | D:1      | 0 ||| qw: Game counter: 2041
     0 | D:1      | 0 ||| qw: Melee chars always use a shield: true
     0 | D:1      | 0 ||| qw: God list: Okawaru
     0 | D:1      | 0 ||| qw: Allow faded altars: false
     0 | D:1      | 0 ||| qw: Do Orc after clearing Dungeon:15 true
     0 | D:1      | 0 ||| qw: Do second Lair branch before Depths: true
     0 | D:1      | 0 ||| qw: Lair rune preference: random
     0 | D:1      | 0 ||| qw: Goals: Normal
     0 | D:1      | 0 ||| PLANNING D:1-11
   149 | D:1      | Reached skill level 3 in Ranged Weapons
   149 | D:1      | Reached XP level 2. HP: 23/23 MP: 2/2
   597 | D:1      | 597 ||| UPGRADING to +0 ring mail.
   607 | D:1      | 607 ||| DROPPING +0 robe.
   608 | D:1      | 608 ||| UPGRADING to amulet of reflection.
   613 | D:1      | 613 ||| READING scroll labelled ZEGEWN KYEM.
   617 | D:1      | 617 ||| READING scroll labelled DEETIFE GAMY.
   618 | D:1      | 618 ||| DROPPING scroll of poison.
   661 | D:2      | Found Oxienusch's Jewellery Boutique.
   677 | D:2      | Reached XP level 3. HP: 27/29 MP: 3/3
   699 | D:2      | 699 ||| SHOPLISTING +6 ring of dexterity (432 gold, have
                  | 24).
   699 | D:2      | 699 ||| SHOPLISTING amulet of Vitality {RegenMP++ Regen++}
                  | (1200 gold, have 24).
   902 | D:2      | Reached skill level 4 in Ranged Weapons
   934 | D:2      | 934 ||| SWAPPING to +0 shortbow.
   935 | D:2      | 935 ||| DROPPING +1 sling.
  1084 | D:2      | Reached skill level 1 in Armour
  1112 | D:2      | 1112 ||| READING 2 scrolls labelled HECKUVVIGA.
  1113 | D:2      | 1113 ||| READING scroll labelled LUCOIG GAQIDD.
  1113 | D:2      | Identified a scroll of acquirement
  1113 | D:2      | 1113 ||| ACQUIRING +1 cloak of Midnight {Rampage Drain
                  | SInv}
  1113 | D:2      | Acquired the +1 cloak of Midnight {Rampage Drain SInv}
  1115 | D:2      | 1115 ||| UPGRADING to +1 cloak of Midnight {Rampage Drain
                  | SInv}.
  1120 | D:2      | 1120 ||| READING scroll labelled VOZUOHUAPA.
  1121 | D:2      | 1121 ||| DRINKING 2 viscous orange potions.
  1122 | D:2      | 1122 ||| DROPPING scroll of blinking.
  1150 | D:3      | 1150 ||| Stepping ~*~*~tactically~*~*~ (outnumbered).
  1152 | D:3      | 1152 ||| Stepping ~*~*~tactically~*~*~ (outnumbered).
  1160 | D:3      | Reached XP level 4. HP: 27/36 MP: 4/4
  1784 | D:3      | Reached skill level 5 in Ranged Weapons
  1826 | D:3      | 1826 ||| UPGRADING to +1 pair of gloves.
  1831 | D:3      | 1831 ||| READING scroll labelled ROICVO FETEG.
  1832 | D:3      | 1832 ||| READING scroll labelled VUIGEEG XYSOLA.
  1833 | D:3      | 1833 ||| DRINKING 3 puce potions.
  1834 | D:3      | 1834 ||| DRINKING 2 grey potions.
  2070 | D:4      | Noticed a scorpion
  2079 | D:4      | HP: 9/36 [poisoned by a scorpion]
  2079 | D:4      | HP: 2/36 [scorpion (6)]
  2080 | D:4      | 2080 ||| READING 2 scrolls of teleportation.
  2080 | D:4      | Succumbed to a scorpion's poison

Levels and vault maps discovered:
D:1:      minmay_arrival_doors, layout_loops_ring
D:2:      layout_rooms, serial_shops, shop, serial_park_tiny_2
D:3:      layout_loops_ring
D:4:      layout_basic

Skill      XL: |  1  2  3  4 |
---------------+-------------+-----
Ranged Weapons | 3 4 5 |  5.0
Fighting       | 2 |  2.2
Armour         | 1 |  1.0
Dodging        | |  2.1
Spellcasting   | |  1.0
Hexes          | |  2.0

Action                     |  1- 3 |  4- 6 || total
---------------------------+-------+-------++-------
   Fire: Sling             |    92 |       ||    92
         Shortbow          |    25 |    74 ||    99
    Use: Scroll            |     5 |     3 ||     8
         Potion            |     1 |     2 ||     3
 Armour: Ring mail         |    12 |    11 ||    23
         Robe              |     1 |       ||     1
  Dodge: Dodged            |    26 |    22 ||    48
  Block: Other             |    12 |    10 ||    22
         Reflection        |     2 |       ||     2

Table legend:
 A = Non-vault XP
 B = Vault XP
 C = Vault XP percentage of total XP
 D = Non-vault monster count
 E = Vault monster count
 F = Vault count percentage of total count
                 A         B        C        D         E       F
            +---------+---------+-------+---------+---------+-------
      Total |     165 |       0 |   0.0 |      65 |       0 |   0.0
            +---------+---------+-------+---------+---------+-------
        D:1 |      38 |       0 |   0.0 |      22 |       0 |   0.0
        D:2 |      50 |       0 |   0.0 |      20 |       0 |   0.0
        D:3 |      67 |       0 |   0.0 |      17 |       0 |   0.0
        D:4 |      10 |       0 |   0.0 |       6 |       0 |   0.0
            +---------+---------+-------+---------+---------+-------
